 Dungeon Crawl Stone Soup version 0.27.0-1-g7a089689b8 (webtiles) character file.

Game seed: 3851627630262903308

37 Delamore the Sneak (level 3, 0/25 HPs)
             Began as an Octopode Brigand on Aug 6, 2021.
             Slain by a goblin (3 damage)
             ... led by Robin
             ... on level 1 of the Dungeon.
             The game lasted 00:01:25 (1340 turns).

Delamore the Sneak (Octopode Brigand)               Turns: 1340, Time: 00:01:26

Health: 0/25       AC:  1    Str: 10    XL:     3   Next: 39%
Magic:  3/3        EV: 13    Int: 13    God:
Gold:   37         SH:  0    Dex: 14    Spells: 2/2 levels left

rFire    . . .     SeeInvis .   a - +2 dagger
rCold    + . .     Faith    .   (no shield)
rNeg     . . .     Spirit   .   (helmet restricted)
rPois    .         Reflect  .   (no amulet)
rElec    .         Harm     .   d - ring of protection from cold
rCorr    .         Rampage  .   (no ring)
Will     .....                  (no ring)
Stlth    ++........             (no ring)
HPRegen  0.08/turn              (no ring)
MPRegen  0.08/turn              (no ring)
                                (no ring)
                                (no ring)

@: confused, ambrosia-drunk
A: almost no armour, amphibious, 8 rings, camouflage 1, gelatinous body 1,
(nimble swimmer 1), tentacles
a: no special abilities


You were on level 1 of the Dungeon.
You visited 1 branch of the dungeon, and saw 2 of its levels.

You collected 37 gold pieces.

Inventory:

Hand Weapons
 a - a +2 dagger (weapon)
Missiles
 b - 8 poisoned darts (quivered)
 c - 2 curare-tipped darts
 g - 3 silver javelins
Jewellery
 d - a ring of protection from cold (left tentacle)
Scrolls
 e - a scroll of enchant armour {unknown}
 h - a scroll of identify {unknown}
 j - a scroll of holy word {unknown}


   Skills:
 + Level 2.6 Fighting
 + Level 2.6 Short Blades
 - Level 2.0 Throwing
 + Level 2.0 Dodging
 - Level 5.3 Stealth


You had 2 spell levels left.
You didn't know any spells.
Your spell library contained the following spells:

 Spells                   Type           Power      Damage    Failure   Level
 Summon Small Mammal      Summ           0%         N/A       30%         1
 Call Canine Familiar     Summ           0%         N/A       67%         3
 Summon Guardian Golem    Hex/Summ       0%         N/A       67%         3
 Iskenderun's Mystic Bla  Conj/Tloc      0%         2d3       97%         4
 Bolt of Magma            Conj/Fire/Erth 0%         4d4       100%        5


Dungeon Overview and Level Annotations

Branches:
Dungeon (2/15)

Altars:

Shops:
D:1 :

Annotations:
D:1 Robin


Innate Abilities, Weirdness & Mutations

You cannot wear most types of armour.
You are amphibious.
You can wear up to eight rings at the same time.
Your skin changes colour to match your surroundings (Stealth+).
Your rubbery body absorbs attacks. (AC +1, EV +1)
((You are camouflaged near water. (Stealth+)))
You have tentacles for arms and can constrict up to eight enemies at once.


Message History

The goblin hits you but does no damage. Robin closely misses you.
You release your grip on the goblin.
The goblin hits you with a +0 dagger. Robin throws the goblin at you!
You barely miss the goblin. You grab the goblin. You constrict the goblin.
The goblin hits you but does no damage. The goblin misses you.
You release your grip on the goblin.
The goblin hits you with a +0 dagger. Robin throws the goblin at you!
The goblin hits you with a +0 dagger.
* * * LOW HITPOINT WARNING * * *
The goblin hits you with a +0 dagger.
* * * LOW HITPOINT WARNING * * *
Items here: )) รทรท.
Robin's bangles clink loudly.
Robin throws the goblin at you!
* * * LOW HITPOINT WARNING * * *
You feel better. The goblin closely misses you.
The goblin completely misses you.
You hit the goblin. You grab the goblin.
The goblin is heavily wounded.
You constrict the goblin, but do no damage.
The goblin hits you with a +0 dagger. The goblin hits you but does no damage.
You hit the goblin.
The goblin is severely wounded.
You constrict the goblin, but do no damage.
The goblin no longer looks unusually strong.
The goblin hits you with a +0 dagger. The goblin closely misses you.
You hit the goblin.
You kill the goblin!
Robin throws the goblin at you! The goblin hits you with a +0 dagger.
* * * LOW HITPOINT WARNING * * *
Your Dodging skill increases to level 2!
It was a potion of ambrosia.
You are confused.
You feel invigorated. The goblin barely misses you.
You closely miss Robin.
The goblin no longer looks unusually strong.
Robin hits you with a +0 mace!
* * * LOW HITPOINT WARNING * * *
The goblin hits you with a +0 dagger.
You die...

#.# #.....# #.#
#.....#
#.###.....# ####
#..##.....# ...#
##.##(....# ...#
#..####.## ...#
##.## #.#
...########..# #g#
.............###@#
...#########..##g#
...# #..##)# ...#
##...#.## ...#
#.......# ####
#.).....# ..#
#..).().# ..#
#.....>.# ..#
#....)..#


You could see Robin and a goblin.

Vanquished Creatures
  3 ball pythons (D:1)
  A bat (D:1)
  5 endoplasms (D:1)
  A giant cockroach (D:1)
  11 goblins (D:1)
  2 hobgoblins (D:1)
  4 jackals (D:1)
  A frilled lizard (D:1)
  A kobold (D:1)
29 creatures vanquished.

Notes
Turn   | Place    | Note
-------+----------+-------------------------------------------
     0 | D:1      | Delamore the Octopode Brigand began the quest for the Orb.
     0 | D:1      | Reached XP level 1. HP: 14/14 MP: 1/1
    92 | D:1      | Reached XP level 2. HP: 19/19 MP: 2/2
   159 | D:1      | Found Cad Lamy's Book Emporium.
   309 | D:1      | HP: 1/20 [jackal (3)]
   624 | D:1      | Reached XP level 3. HP: 25/25 MP: 3/3
   782 | D:1      | Got the Catalogue of Confrontation
   874 | D:2      | Noticed Robin
  1340 | D:1      | Slain by a goblin

Illustrated notes

Levels and vault maps discovered:
D:1:      mainiacjoe_arrival_reflecting_pool, layout_basic, serial_shops, shop
D:2:      layout_basic, dreamdust_ecumenical_altar_grove, uniq_robin

Skill      XL: |  1  2  3 |
---------------+----------+-----
Dodging        | 2 |  2.0
Fighting       | |  2.6
Short Blades   | |  2.6
Throwing       | |  2.0
Stealth        | |  5.3

Action                   || total
-------------------------++-------
Melee: Dagger            ||    50
       Constrict         ||    13
       Tentacles         ||     6
  Use: Potion            ||     3
 Stab: Sleeping          ||    11
Armor: Skin              ||    14
Dodge: Dodged            ||    44
